 Dungeon Crawl Stone Soup version 0.27.1-34-g3ba077fa99 (webtiles) character file.

Game seed: 13056833623231077557

47 Delamore the Ducker (level 3, -2/15 HPs)
             Began as a Felid Transmuter on Jan 21, 2022.
             Was a Follower of Yredelemnul.
             Slain by a worm (11 damage)
             ... on level 3 of the Dungeon.
             The game lasted 00:01:38 (1475 turns).

Delamore the Ducker (Felid Transmuter)              Turns: 1475, Time: 00:01:39

Health: -2/15      AC:  1    Str:  6    XL:     3   Next: 48%
Magic:  7/7        EV: 18    Int: 14    God:    Yredelemnul [*.....]
Gold:   92         SH:  0    Dex: 17    Spells: 5/6 levels left
                                        Lives:  0   Deaths: 0

rFire    . . .     SeeInvis +     - Unarmed
rCold    . . .     Faith    .   (shield unavailable)
rNeg     . . .     Spirit   .   (armour unavailable)
rPois    .         Reflect  .   (helmet unavailable)
rElec    .         Harm     .   (cloak unavailable)
rCorr    .         Rampage  .   (gloves unavailable)
Will     .....                  (boots unavailable)
Stlth    +++.......             c - amulet of the acrobat
HPRegen  0.05/turn              (no ring)
MPRegen  0.10/turn              (no ring)

@: quick
A: very small, claws 1, fangs 3, see invisible, speed 1, shaggy fur 1, stealthy
paws, no weapons or thrown items, no armour, multi-lived
a: Renounce Religion, Animate Remains


You were on level 3 of the Dungeon.
You worshipped Yredelemnul.
Yredelemnul was aware of your devotion.
You visited 1 branch of the dungeon, and saw 3 of its levels.

You collected 92 gold pieces.

Inventory:

Jewellery
 c - an amulet of the acrobat (around neck)
Scrolls
 e - a scroll of vulnerability
 f - a scroll of noise {unknown}
Potions
 a - a potion of curing {unknown}
 b - a potion of invisibility {unknown}
 d - 2 potions of ambrosia {unknown}


   Skills:
 - Level 1.0 Fighting
 + Level 3.9 Dodging
 * Level 3.5 Stealth
 - Level 3.0 Unarmed Combat
 - Level 2.0 Spellcasting
 - Level 2.1 Transmutations


You had 5 spell levels left.
You knew the following spells:

 Your Spells              Type           Power      Damage    Failure   Level
a - Beastly Appendage     Tmut           14%        N/A       10%         1

Your spell library contained the following spells:

 Spells                   Type           Power      Damage    Failure   Level
 Wereblood                Tmut           7%         N/A       14%         2
 Spider Form              Tmut/Pois      2%         N/A       41%         3
 Ice Form                 Ice/Tmut       4%         N/A       83%         4


Dungeon Overview and Level Annotations

Branches:
Dungeon (3/15)

Altars:
Kikubaaqudgha
Yredelemnul


Innate Abilities, Weirdness & Mutations

You have sharp claws.
You have razor-sharp teeth.
You have supernaturally acute eyesight. (SInv)
You cover ground quickly. (Speed+)
You are covered in fur. (AC +1)
Your paws help you pounce on unaware monsters.
You are incapable of wielding weapons or throwing items.
You cannot wear armour.
You gain extra lives every three experience levels.


Message History

You scratch the rat.
You kill the rat!
Yredelemnul accepts your kill.
No target in view!
No target in view!
No target in view!
No target in view!
You see here a rat corpse.
A rat comes into view.
Found a stone staircase leading down.
A rat is nearby!
A worm comes into view.
Found an escape hatch in the ceiling.
An adder comes into view.
You scratch the rat.
You kill the rat!
Yredelemnul accepts your kill.
Found a stone staircase leading down.
You see here a rat corpse.
You scratch the worm.
The worm is moderately wounded.
The worm bites you!
You scratch the worm.
The worm is moderately wounded.
The adder hisses angrily.
You completely miss the worm.
The worm is moderately wounded.
The worm closely misses you.
A rat comes into view.
You claw the worm!
The worm is severely wounded.
You scratch the worm.
The worm is severely wounded.
The worm completely misses you.
You scratch the worm but do no damage. Your bite misses the worm.
The worm is severely wounded.
The adder barely misses you. The worm bites you!
Ouch! That really hurt!
You die...
Your body rises from the dead as a mindless zombie.

#.# #########.#
#......†..#
#.#########
.######.#.#.#.#
...............
#####.#.#.#.#.#
#...S......
#.#@#.#.#.#
#..w....r..
>.<.#.#.#.#.#
....#..........
#...# #.# #.#.#
#.. ... .... #
#.# #.# ..# ..


You could see a worm, an adder and a rat.

Vanquished Creatures
  2 adders (D:2)
  3 ball pythons
  2 bats (D:1)
  An endoplasm (D:1)
  2 giant cockroaches (D:1)
  4 goblins (D:1)
  3 hobgoblins
  5 kobolds
  A quokka (D:2)
  4 frilled lizards (D:1)
  2 rats (D:3)
29 creatures vanquished.

Notes
Turn   | Place    | Note
-------+----------+-------------------------------------------
     0 | D:1      | Delamore the Felid Transmuter began the quest for the Orb.
     0 | D:1      | Reached XP level 1. HP: 9/9 MP: 4/4
    37 | D:1      | Reached skill level 1 in Stealth
   320 | D:1      | Reached XP level 2. HP: 12/12 MP: 6/6
   664 | D:1      | You fall into a shaft and drop 1 floor!
   664 | D:2      | Found an ancient bone altar of Kikubaaqudgha.
   995 | D:2      | Reached XP level 3. HP: 15/15 MP: 7/7
  1244 | D:2      | Found a faded altar of an unknown god.
  1285 | D:2      | Became a worshipper of Yredelemnul the Dark
  1285 | D:2      | Reached * piety under Yredelemnul
  1475 | D:3      | Slain by a worm

Illustrated notes

Levels and vault maps discovered:
D:1:      dpeg_arrival_central, layout_basic, due_unseen_surprise
D:2:      layout_basic, basic_altar, shapermc_ecumenical_altar_totnotflames
D:3:      layout_basic, gammafunk_ghost_split, st_stairs_10

Skill      XL: |  1  2  3 |
---------------+----------+-----
Stealth        | 1 2 3 |  3.5
Dodging        | 3 |  3.9
Fighting       | |  1.0
Unarmed Combat | |  3.0
Spellcasting   | |  2.0
Transmutations | |  2.1

Action                   || total
-------------------------++-------
Melee: Unarmed           ||    70
       Bite              ||     4
  Use: Scroll            ||     1
 Stab: Sleeping          ||     8
Dodge: Dodged            ||    46
